 Dungeon Crawl Stone Soup version 0.28-b1-70-g80dc712255 (webtiles) character file.

Game seed: 17184887818319647059

941 krispywithak the Slasher (level 7, -2/93 HPs)
             Began as a Minotaur Berserker on Feb 4, 2022.
             Was a Believer of Trog.
             Slain by a hornet (10 damage)
             ... on level 9 of the Dungeon.
             The game lasted 00:11:49 (3683 turns).

krispywithak the Slasher (Minotaur Berserker)       Turns: 3683, Time: 00:11:50

Health: -2/93      AC: 13    Str: 24    XL:     7   Next: 88%
Magic:  6/6        EV:  8    Int:  4    God:    Trog [**....]
Gold:   99         SH:  0    Dex: 15    Spells: 6/6 levels left

rFire   + . .      SeeInvis .   i - +3 dagger
rCold   x . .      Faith    +   (no shield)
rNeg    . . .      Spirit   .   o - +0 plate armour
rPois   .          Reflect  .   (helmet restricted)
rElec   .          Harm     .   b - scarf {shadows}
rCorr   .          Rampage  .   p - +0 pair of gloves
Will    .....                   (no boots)
Stlth   ..........              m - amulet of faith
HPRegen 0.25/turn               k - +6 ring of dexterity
MPRegen 0.10/turn               q - ring of fire

@: berserking, lethally poisoned (-2 -> -14), slowed
A: horns 2, retaliatory headbutt
a: Renounce Religion, Berserk, Trog's Hand


You were on level 9 of the Dungeon.
You worshipped Trog.
Trog was pleased with you.
You visited 1 branch of the dungeon, and saw 6 of its levels.

You collected 99 gold pieces.

Inventory:

Hand Weapons
 i - a +3 dagger (weapon)
 t - a +1 dagger of electrocution
 w - a +0 shortbow
Missiles
 e - 68 stones
 f - 3 javelins (quivered)
 n - 47 arrows
Armour
 b - a scarf of shadows (worn)
 j - the +2 cloak of Jigsaw {*Slow rF- rN+++ rCorr}
   (You found it on level 2 of the Dungeon)

   rF:        It makes you vulnerable to fire.
   rN:        It renders you almost immune to negative energy.
   rCorr:     It protects you from acid and corrosion.
   *Slow:     It may slow you when you take damage.
 o - a +0 plate armour (worn)
 p - a +0 pair of gloves (worn)
 u - a +0 helmet
Jewellery
 g - a ring of ice
 k - a +6 ring of dexterity (left hand)
 m - an amulet of faith (around neck)
 q - a ring of fire (right hand)
Scrolls
 c - a scroll of immolation {unknown}
 l - a scroll of teleportation {unknown}
 r - a scroll of identify {unknown}
 s - a scroll of enchant armour {unknown}
 v - a scroll of enchant weapon {unknown}
Potions
 a - a potion of flight {unknown}
 d - a potion of ambrosia {unknown}
 h - a potion of curing {unknown}


   Skills:
 + Level 5.8 Fighting
 + Level 4.8(6.0) Short Blades
 + Level 5.9(6.9) Long Blades
 + Level 4.1 Armour
 + Level 4.4 Dodging
 + Level 2.3 Stealth


You had 6 spell levels left.
You didn't know any spells.
Your spell library contained the following spells:

 Spells                   Type           Power      Damage    Failure   Level
 Tukima's Dance           Hex            0%         N/A       100%        3
 Passage of Golubria      Tloc           0%         N/A       100%        4
 Summon Forest            Summ/Tloc      0%         N/A       100%        5
 Summon Mana Viper        Hex/Summ       0%         N/A       100%        5
 Yara's Violent Unravell  Hex/Tmut       0%         3d3       100%        5
 Summon Cactus Giant      Summ           0%         N/A       100%        6


Dungeon Overview and Level Annotations

Branches:
Dungeon (7/15)
 Temple: D:4-7

Altars:
Kikubaaqudgha
Qazlal

Shops:
D:1 :


Innate Abilities, Weirdness & Mutations

You have a pair of horns on your head.
You reflexively headbutt those who attack you in melee.


Message History

A hornet comes into view.
You hit the hornet.
The hornet is lightly wounded.
The hornet stings you but does no damage.
You hit the hornet.
The hornet is lightly wounded.
The hornet stings you!
You suddenly lose the ability to move!
The hornet stings you.
You are poisoned.
You shrug off the repeated paralysis!
You feel sick. The hornet stings you.
You feel yourself slow down. The hornet stings you.
You feel as though you will be slow longer.
You feel sick. The hornet completely misses you.
You can move again.
You closely miss the hornet. You headbutt the hornet.
The hornet is moderately wounded.
You feel sick.
The hornet stings you but does no damage.
The hornet stings you.
You are more poisoned.
You feel as though you will be slow longer.
You miss the hornet. Your headbutt misses the hornet.
The hornet is moderately wounded.
You feel very sick. The hornet stings you!
* * * LOW HITPOINT WARNING * * *
You are more poisoned.
You feel as though you will be slow longer.
A red film seems to cover your vision as you go berserk!
You feel yourself moving faster!
You feel mighty!
* * * LOW HITPOINT WARNING * * *
You feel extremely sick.
The hornet stings you but does no damage. x3
You hit the hornet. You headbutt the hornet!
The hornet is almost dead.
* * * LOW HITPOINT WARNING * * *
You feel very sick. The hornet stings you!
You die...

#....# #....#
.......#....#....#
.......#....#....#
......#....#....#
#....#....#....#
#.........#....#
#.y............#
#.@............#
#..............#
#..............#
###......##....#
#......#.......
#......#........
#......#........
...... ######


You could see a hornet.

Vanquished Creatures
  A sky beast (D:7)
  A centaur (D:7)
  2 phantoms
  2 bullfrogs (D:7)
  A scorpion (D:7)
  A water moccasin zombie (D:6)
  3 wights (D:7)
  A centaur zombie (D:7)
  A centaur skeleton (D:7)
  Crazy Yiuf (D:6)
  Terence (D:3)
  Natasha (thrice) (D:2)
  2 adders (D:2)
  2 ufetubi
  A worm (D:2)
  A dart slug (D:1)
  6 orcs
  4 ball pythons
  3 bats
  2 endoplasms
  4 giant cockroaches
  4 goblins
  2 hobgoblins (D:1)
  2 quokkas
  2 frilled lizards (D:1)
  2 kobolds
  A rat (D:3)
56 creatures vanquished.

Vanquished Creatures (others)
  2 withered plants (D:7)
2 creatures vanquished.

Grand Total: 58 creatures vanquished

Notes
Turn   | Place    | Note
-------+----------+-------------------------------------------
     0 | D:1      | krispywithak the Minotaur Berserker began the quest for the
                  | Orb.
     0 | D:1      | Reached XP level 1. HP: 19/19 MP: 0/0
   798 | D:1      | Reached XP level 2. HP: 25/27 MP: 1/1
  1000 | D:1      | Found Poqab's Book Emporium.
  1594 | D:1      | Found a faded altar of an unknown god.
  1981 | D:2      | Noticed Natasha
  1985 | D:2      | Killed Natasha
  1986 | D:2      | Reached XP level 3. HP: 33/33 MP: 2/2
  2004 | D:2      | Identified the +2 cloak of Jigsaw {*Slow rF- rN+++ rCorr}
  2066 | D:2      | Noticed Natasha
  2095 | D:2      | Killed Natasha
  2096 | D:2      | Reached XP level 4. HP: 29/41 MP: 3/3
  2106 | D:2      | Noticed Natasha
  2112 | D:2      | Killed Natasha
  2113 | D:2      | Reached skill level 5 in Long Blades
  2369 | D:2      | Reached ** piety under Trog
  2773 | D:3      | Noticed Terence
  2783 | D:3      | Killed Terence
  2784 | D:3      | Reached skill level 1 in Stealth
  2784 | D:3      | Reached XP level 5. HP: 31/47 MP: 4/4
  2910 | D:3      | You fall into a shaft and drop 3 floors!
  2920 | D:6      | Found a runed translucent door.
  2921 | D:6      | Noticed Crazy Yiuf
  2929 | D:6      | Killed Crazy Yiuf
  2930 | D:6      | Reached skill level 1 in Short Blades
  3040 | D:6      | Found an ancient bone altar of Kikubaaqudgha.
  3103 | D:6      | Noticed a phantom
  3116 | D:6      | Killed a phantom
  3122 | D:6      | Reached XP level 6. HP: 55/55 MP: 5/5
  3127 | D:6      | Reached skill level 5 in Fighting
  3398 | D:7      | Reached XP level 7. HP: 61/61 MP: 6/6
  3593 | D:7      | Found a stormy altar of Qazlal.
  3594 | D:7      | You fall into a shaft and drop 2 floors!
  3672 | D:9      | Noticed a hornet
  3676 | D:9      | Paralysed by a hornet for 3 turns
  3683 | D:9      | Slain by a hornet

Illustrated notes

Levels and vault maps discovered:
D:1:      dpeg_arrival_shrine, layout_basic,
          shapermc_ecumenical_altar_rom_forum, serial_shops, shop,
          chequers_serial_rivers_micro_c
D:2:      layout_rooms, uniq_natasha
D:3:      layout_basic, gammafunk_ghost_arena, minivault_19, minmay_distorted,
          uniq_grinder, uniq_terence
D:6:      layout_rooms, pdpol_wu_jian_five_deadly_venoms,
          nemelex_xobeh_ov_fountains_minmay,
          nicolae_kikubaaqudgha_miasma_corner, nicolae_ossuary_entry_catacombs,
          minmay_alternating_orb, uniq_crazy_yiuf_cottage
D:7:      layout_layer_cave, mainiacjoe_overflow_tiny_flanked, serial_undead,
          serial_undead_c, serial_undead_d, serial_undead_e, serial_undead_e,
          st_stairs_10, uniq_joseph
D:9:      layout_grid_maze, kennysheep_little_box, uniq_pikel

Skill      XL: |  1  2  3  4  5  6  7 |
---------------+----------------------+-----
Long Blades    | 4 5 |  5.9
Fighting       | 4 5 |  5.8
Dodging        | 3 4 |  4.4
Stealth        | 1 2 |  2.3
Short Blades   | 1 3 4 |  4.8
Armour         | 3 4 |  4.1

Action                   |  1- 3 |  4- 6 |  7- 9 || total
-------------------------+-------+-------+-------++-------
Melee: Falchion          |    29 |       |       ||    29
       Dagger            |    24 |    82 |    48 ||   154
       Headbutt          |     4 |    16 |    15 ||    35
       Punch             |       |     2 |       ||     2
Throw: Stone             |     6 |       |       ||     6
Invok: Berserk           |       |     1 |     2 ||     3
       Trog's Hand       |       |       |     2 ||     2
Armor: Animal skin       |    13 |     6 |       ||    19
       Plate armour      |       |    44 |    31 ||    75
Dodge: Dodged            |    48 |    37 |    22 ||   107
